 Dungeon Crawl Stone Soup version 0.31-a0-1074-g0b22e4e0f1 (webtiles) character file.

Game seed: 3424535617884554484

3196 whatisthis the Frost Mage (level 9, -23/81 HPs)
             Began as a White Draconian Ice Elementalist on Nov 26, 2023.
             Was a Priest of Vehumet.
             Annihilated by a shadow (27 damage)
             ... on level 7 of the Dungeon.
             The game lasted 00:38:50 (7524 turns).

whatisthis the Frost Mage (DrIE)                    Turns: 7524, Time: 00:38:51

Health: -23/81     AC: 11    Str: 12    XL:     9   Next: 64%
Magic:  15/19      EV: 12    Int: 19    God:    Vehumet [***...]
Gold:   428        SH:  5    Dex: 11    Spells: 7/21 levels left

rFire   . . .        K - +0 trident (freeze)
rCold   + . .        (no shield)
rNeg    . . .        (body armour unavailable)
rPois   +            r - +0 hat
rElec   .            (no cloak)
rCorr   .            m - +0 pair of gloves
SInv    .            k - +2 pair of boots
Will    .....        o - amulet of reflection
Stlth   ++           l - ring of poison resistance
HPRegen 0.33/turn    q - +4 ring of slaying
MPRegen 0.16/turn

%: reflection
@: no status effects
A: breathe frost, AC +7, unfitting armour, cold resistance 1, cold-blooded
a: Breathe Frost, Renounce Religion


You were on level 7 of the Dungeon.
You worshipped Vehumet.
Vehumet was most pleased with you.
You visited 2 branches of the dungeon, and saw 8 of its levels.
You also visited: Sewer.

You collected 428 gold pieces.

Inventory:

Hand Weapons
 h - a +0 spear
 K - a +0 trident of freezing (weapon)
Missiles
 p - 7 poisoned darts
 u - 12 stones
 D - 13 boomerangs
Armour
 k - a +2 pair of boots (worn)
 m - a +0 pair of gloves (worn)
 r - a +0 hat (worn)
Magical Staves
 w - a staff of air
Jewellery
 l - a ring of poison resistance (left hand)
 o - an amulet of reflection (around neck)
 q - a +4 ring of slaying (right hand)
Scrolls
 d - 3 scrolls of identify {unknown}
 e - 2 scrolls of fog {unknown}
 i - 2 scrolls of vulnerability {unknown}
 j - a scroll of brand weapon {unknown}
 v - 3 scrolls of teleportation {unknown}
 y - 2 scrolls of noise
 C - 4 scrolls of immolation
 H - a scroll of enchant armour {unknown}
 L - a scroll of revelation {unknown}
Potions
 a - 4 potions of magic
 b - a potion of invisibility {unknown}
 c - a potion of resistance {unknown}
 f - 4 potions of curing {unknown}
 n - 2 potions of haste {unknown}
 s - 4 potions of brilliance {unknown}
 t - a potion of ambrosia {unknown}
 x - 3 potions of might {unknown}
 z - a potion of heal wounds {unknown}
 A - a potion of cancellation {unknown}
 B - 2 potions of enlightenment {unknown}
 E - a potion of degeneration {unknown}
 F - 3 potions of attraction {unknown}
 G - 3 potions of mutation {unknown}
 I - a potion of lignification {unknown}
 J - a potion of berserk rage {unknown}


   Skills:
 + Level 7.9 Fighting
 - Level 1.7 Dodging
 - Level 1.7 Stealth
 + Level 6.9 Spellcasting
 + Level 5.0 Conjurations
 + Level 9.9 Ice Magic


You had 7 spell levels left.
You knew the following spells:

 Your Spells              Type           Power      Damage    Failure   Level
a - Freeze                Ice            100%       1d10      1%          1
b - Frozen Ramparts       Ice            88%        1d14      1%          3
c - Ozocubu's Armour      Ice            44%        N/A       1%          3
d - Summon Ice Beast      Ice/Summ       25%        N/A       13%         4
e - Mephitic Cloud        Conj/Pois/Air  13%        N/A       4%          3

Your spell library contained the following spells:

 Spells                   Type           Power      Damage    Failure   Level
 Iskenderun's Mystic Bla  Conj/Tloc      16%        2d5       10%         4
 Magic Dart               Conj           100%       1d8       1%          1
 Call Imp                 Summ           12%        N/A       16%         2
 Animate Dead             Necr           6%         N/A       71%         4
 Haunt                    Necr/Summ      3%         N/A       100%        7
 Infestation              Necr           3%         N/A       100%        8


Dungeon Overview and Level Annotations

Branches:
Dungeon (7/15)             Temple (1/1) D:5           Sewer (visited)

Altars:
Cheibriados
Elyvilon
Gozag
Hepliaklqana
Kikubaaqudgha
Makhleb
Nemelex Xobeh
Okawaru
Qazlal
Ru
Sif Muna
Uskayaw
Vehumet
Wu Jian
Yredelemnul
Zin
The Shining One

Annotations:
D:5 exclusions: downstairs and hornet
D:6 exclusion: wight


Innate Abilities, Weirdness & Mutations

You can breathe waves of freezing cold which knock back foes.
Your icy white scales are hard. (AC +7)
You cannot fit into any form of body armour.
Your flesh is cold resistant. (rC+)
You are cold-blooded and may be slowed by cold attacks.


Message History

The shadow slips into darkness.
The shadow flickers and vanishes!
Deactivating autopickup; reactivate with Ctrl-A.
The boulder beetle bites your ice beast!
Your ice beast dies!
Your ice beast disappears in a puff of smoke!
The shadow strikes at you from the darkness!
* * * LOW HITPOINT WARNING * * *
Reactivating autopickup.
The shadow slips into darkness.
The shadow flickers and vanishes!
Deactivating autopickup; reactivate with Ctrl-A.
Blink to where?
Press: ? - help, Dir - move target, p - boulder beetle
As you read the scroll of blinking, it crumbles to dust.
Things that are here:
a +0 morningstar; a +0 scale mail; a +0 morningstar The shadow strikes at you from the darkness!
* * * LOW HITPOINT WARNING * * *
Reactivating autopickup.
Press: ? - help, v - describe, . - travel
Here: a shadow (severely damaged)
The floor.
Okay, then.
Unknown command.
Casting: Summon Ice Beast (dangerous; 13% risk of failure)
Confirm with . or Enter, or press ? or * to list all spells.
Okay, then.
Casting: Summon Ice Beast (dangerous; 13% risk of failure)
Confirm with . or Enter, or press ? or * to list all spells.
A chill wind blows around you.
The shadow slips into darkness.
The shadow flickers and vanishes!
Deactivating autopickup; reactivate with Ctrl-A.
You swap places.
The shadow strikes at your ice beast from the darkness!
Your ice beast dies!
Your ice beast disappears in a puff of smoke!
The shadow strikes at you from the darkness!
You die...

########.## #....[..# #.. #...#
#.##.##.####..
#...##########.##.##[)..... ##
#..............>..##.######
.######.........#.....####.....#
.##.............#..#..####.....#
...............................#
.##.............#.....####.....#
.######.........@.....# #.....#
.# #.........##....# ####### ##
#...#####.##...^# #...#
#.###.#.####### ##.##
#.###.#.......### ####.####
#........#......# #.......#
####...#.#.##.#.#
#####.##.##.######..........#.###
#......................#.##......


There were no monsters in sight!

Vanquished Creatures
  Pikel (D:6)
  Maggie (D:7)
  A steam dragon (D:7)
  A sky beast (D:7)
  4 water moccasins
  2 ice beasts (D:7)
  2 orc warriors (D:7)
  An ogre (D:6)
  A centaur (D:7)
  4 lemures (D:6)
  A phantom (D:6)
  A gnoll sergeant (D:6)
  2 scorpions
  3 bullfrogs
  A jelly (D:6)
  5 hounds
  2 orc priests
  5 sleepcaps
  An iguana (D:4)
  4 orc wizards (D:7)
  17 adders
  4 gnolls (D:6)
  4 river rats
  A shadow imp (D:7)
  5 white imps
  2 worms (D:3)
  A dart slug (D:1)
  32 orcs
  18 ball pythons
  5 endoplasms
  6 giant cockroaches
  3 goblins (D:3)
  8 hobgoblins
  5 jackals
  2 kobolds
  3 quokkas
  8 bats
  4 frilled lizards
  37 rats
208 creatures vanquished.

Vanquished Creatures (others)
  A goblin (D:2)
1 creature vanquished.

Grand Total: 209 creatures vanquished

Notes
Turn   | Place    | Note
-------+----------+-------------------------------------------
     0 | D:1      | whatisthis the Draconian Ice Elementalist began the quest
                  | for the Orb.
     0 | D:1      | Reached XP level 1. HP: 14/14 MP: 3/3
   357 | D:1      | Reached skill level 1 in Fighting
   357 | D:1      | Reached XP level 2. HP: 23/23 MP: 1/5
  1121 | D:2      | Reached XP level 3. HP: 21/29 MP: 2/6
  1731 | D:2      | Learned a level 3 spell: Frozen Ramparts
  1735 | D:2      | Learned a level 3 spell: Ozocubu's Armour
  1738 | D:3      | Reached XP level 4. HP: 36/36 MP: 8/8
  1857 | D:3      | Found a faded altar of an unknown god.
  2579 | D:4      | Reached XP level 5. HP: 44/44 MP: 5/9
  2634 | D:4      | Found an opulent altar of Gozag.
  2909 | D:4      | Reached skill level 5 in Ice Magic
  3067 | D:4      | Found an iron altar of Okawaru.
  3479 | D:5      | Entered Level 5 of the Dungeon
  3479 | D:5      | Found a staircase to the Ecumenical Temple.
  3520 | D:5      | Reached XP level 6. HP: 47/52 MP: 5/11
  3536 | Temple   | Entered the Ecumenical Temple
  3573 | Temple   | Became a worshipper of Vehumet
  3592 | D:5      | Noticed a hornet
  3670 | D:5      | Found a glowing drain.
  3679 | Sewer    | Entered a sewer
  3960 | Sewer    | Reached * piety under Vehumet
  3960 | Sewer    | Offered knowledge of Kiss of Death by Vehumet.
  3975 | Sewer    | Learned a level 4 spell: Summon Ice Beast
  4231 | Sewer    | Offered knowledge of Scorch by Vehumet.
  4232 | Sewer    | Your scales start taking on an icy white colour.
  4232 | Sewer    | Reached skill level 7 in Ice Magic
  4232 | Sewer    | Reached XP level 7. HP: 55/60 MP: 5/13
  4232 | Sewer    | Gained mutation: Your flesh is cold resistant. (rC+) [White
                  | Draconian growth]
  4404 | D:5      | Found a stormy altar of Qazlal.
  4404 | D:5      | Found a hazy altar of Hepliaklqana.
  4450 | D:5      | Found a hide-covered altar of Uskayaw.
  4595 | D:5      | Reached ** piety under Vehumet
  4667 | D:5      | Reached skill level 5 in Fighting
  5402 | D:6      | Reached skill level 5 in Spellcasting
  5404 | D:6      | Reached skill level 1 in Conjurations
  5492 | D:6      | Reached skill level 8 in Ice Magic
  5492 | D:6      | Reached XP level 8. HP: 70/70 MP: 12/15
  5541 | D:6      | Found a glowing golden altar of the Shining One.
  5748 | D:6      | Identified the +2 leather armour "Exoileep" {rElec rC++
                  | Will+ Dex-5}
  6040 | D:6      | Noticed Pikel
  6059 | D:6      | Killed Pikel
  6226 | D:6      | Offered knowledge of Volatile Blastmotes by Vehumet.
  6658 | D:7      | Reached skill level 9 in Ice Magic
  6658 | D:7      | Reached XP level 9. HP: 66/78 MP: 13/18
  6809 | D:7      | Reached *** piety under Vehumet
  6810 | D:7      | Found a sparkling altar of Nemelex Xobeh.
  6902 | D:7      | Learned a level 3 spell: Mephitic Cloud
  6918 | D:7      | Noticed Maggie
  6928 | D:7      | Killed Maggie
  7416 | D:7      | Offered knowledge of Iskenderun's Mystic Blast by Vehumet.
  7417 | D:7      | Reached skill level 5 in Conjurations
  7473 | D:7      | Noticed a boulder beetle
  7502 | D:7      | HP: 2/81 [something (24)]
  7519 | D:7      | HP: 2/81 [something (6)]
  7524 | D:7      | Annihilated by a shadow

Illustrated notes

Levels and vault maps discovered:
D:1:      orjb1_clovarrival, layout_basic, minmay_ruptured
D:2:      layout_rooms, nrook_campfire, minmay_misc_feat_chi,
          minmay_rat_gold_closets
D:3:      layout_rooms, ebering_ecumenical_altar_rust
D:4:      minmay_general_purpose_star, layout_basic, lemuel_round_altar,
          marbit_many_paths
D:5:      layout_basic, chequers_temple_overflow_statue_of_worship,
          minmay_temple_entry_butterflies, portal_sewer_entry_b
D:6:      layout_basic, mainiacjoe_overflow_small_starburst, st_stairs_2,
          uniq_pikel
D:7:      layout_loops_cross, lemuel_round_altar, kennysheep_path_1,
          minmay_the_grid_2x2 [minmay_the_grid_outer_diamond,
          minmay_the_grid_holed_spiral, minmay_the_grid_pillar_ring,
          minmay_the_grid_prize_trominoes], uniq_maggie
Temple:   hellmonk_temple_micro_hex

Skill      XL: |  1  2  3  4  5  6  7  8  9 |
---------------+----------------------------+-----
Fighting       | 1 2 3 4 5 6 7 |  7.9
Spellcasting   | 3 4 5 6 |  6.9
Ice Magic      | 5 7 8 9 |  9.9
Conjurations   | 1 3 5 |  5.0
Dodging        | |  1.7
Stealth        | |  1.7

Action                     |  1- 3 |  4- 6 |  7- 9 || total
---------------------------+-------+-------+-------++-------
  Melee: Unarmed           |     3 |       |       ||     3
         Spear             |    51 |   111 |    99 ||   261
         Tailslap          |     2 |     9 |    28 ||    39
         Trident           |       |       |    92 ||    92
   Cast: Freeze            |    41 |    58 |    30 ||   129
         Frozen Ramparts   |       |    17 |    27 ||    44
         Ozocubu's Armour  |       |     3 |    12 ||    15
         Mephitic Cloud    |       |       |     5 ||     5
         Summon Ice Beast  |       |       |     2 ||     2
Ability: Breathe Frost     |       |       |     6 ||     6
    Use: Scroll            |       |       |     4 ||     4
   Stab: Sleeping          |     6 |     5 |     1 ||    12
         Confused          |       |       |     2 ||     2
 Armour: Skin              |    29 |    46 |   108 ||   183
  Dodge: Dodged            |    37 |    63 |    77 ||   177
  Block: Other             |     1 |    23 |    30 ||    54
         Reflection        |       |       |     2 ||     2

Table legend: (Time is in decaauts)
 A = Elapsed time spent in this place.
 B = Non-inter-level travel time spent in this place.
 C = Inter-level travel time spent in this place.
 D = Time resting spent in this place.
 E = Time spent auto-exploring this place.
 F = Levels seen in this place.
 G = Mean time per level.
                   A        B        C        D        E       F      G
               +--------+--------+--------+--------+--------+-----+--------+
         Total |   7662 |   7488 |    174 |   1650 |   3340 |   9 |  851.3 |
       Dungeon |   6925 |   6755 |    170 |   1339 |   3340 |   7 |  989.3 |
        Temple |     42 |     38 |      4 |     32 |      0 |   1 |   42.0 |
         Sewer |    694 |    694 |      0 |    279 |      0 |   1 |  694.0 |
               +--------+--------+--------+--------+--------+-----+--------+

Top non-repeatable levels by time:
     D:6: 1369 daAuts
     D:4: 1188 daAuts
     D:1: 1095 daAuts
     D:5: 1061 daAuts
     D:7: 993 daAuts
   Sewer: 694 daAuts
     D:2: 656 daAuts
     D:3: 560 daAuts
  Temple: 42 daAuts
